AoeStats
← back

Arena

504036498Analyzed
2v2 RM · 19h ago on Sep 3, 2026· 42m 42s· 4 players
Game mode
Random Map
Map size
Medium (4 player)
Population
200
Speed
Normal
Resources
Standard
Victory
Conquest
Starting age
Dark Age
Ending age
Imperial Age
RankedLock teamsTeams togetherTeam positionsShared explorationLock speedFull tech treeHidden civsTurbo modeCheats
Victory
Defeat
🇨🇱 Bohemians · Chile
1270
+15
🇯🇵 Sicilians · Japan
1261
+15
🇨🇳 Khmer · China
1257
-15
🇨🇳 Koreans · China
1243
-15
鸡脚芝士
11:55 Feudal Age
15:28 Castle Age
13:47 Double-Bit Axe
21:47 Stone Mining
22:23 Loom
25:50 Town Watch
28:13 Horse Collar
32:23 Gold Mining
33:26 Wheelbarrow
34:59 Hand Cart
35:26 Light Cavalry
37:03 Bloodlines
37:36 Husbandry
38:25 Gold Shaft Mining
NKO
8:25 Loom
10:28 Feudal Age
11:20 Double-Bit Axe
11:15 Horse Collar
11:29 Gold Mining
17:36 Wheelbarrow
17:58 Scale Barding Armor
21:23 Castle Age
19:58 Stone Mining
20:15 Fletching
22:51 Gold Shaft Mining
22:27 Bow Saw
22:54 Stone Shaft Mining
22:24 Husbandry
22:21 Bodkin Arrow
23:11 Town Watch
24:02 Hand Cart
24:13 Heavy Plow
26:47 Eupseong
28:54 Ballistics
29:46 Heated Shot
30:09 Masonry
29:39 Treadmill Crane
36:31 Imperial Age
36:45 Murder Holes
37:02 Fortified Wall
37:52 Conscription
36:53 Elite War Wagon
37:14 Cavalier
37:15 Light Cavalry
37:26 Capped Ram
40:49 Two-Man Saw
40:55 Chemistry
40:26 Architecture
42:54 Chain Barding Armor
42:44 Forging
qinoa
6:44 Loom
10:00 Feudal Age
10:28 Double-Bit Axe
13:22 Fletching
14:09 Scale Mail Armor
14:27 Horse Collar
15:57 Town Watch
22:24 Wheelbarrow
23:25 Forging
26:36 Castle Age
24:28 Gold Mining
24:50 Forging
27:43 Bow Saw
27:33 Heavy Plow
27:41 Squires
28:03 Bodkin Arrow
28:57 Chain Mail Armor
29:23 Hand Cart
28:56 Pikeman
31:25 Chain Mail Armor
34:39 Iron Casting
37:34 Imperial Age
35:54 Masonry
37:45 Ballistics
38:29 Bracer
39:30 Chemistry
39:14 Plate Mail Armor
39:19 Iron Casting
38:10 Halberdier
39:31 Plate Mail Armor
39:42 Arrowslits
40:36 Siege Engineers
40:40 Elite Serjeant
42:34 Cavalier
43:15 Husbandry
43:25 Bloodlines
Pegui
5:07 Loom
11:33 Feudal Age
15:59 Castle Age
14:32 Double-Bit Axe
15:00 Horse Collar
17:07 Bow Saw
18:37 Town Watch
23:41 Wheelbarrow
23:32 Heavy Plow
32:56 Imperial Age
29:54 Pikeman
30:56 Fletching
32:14 Bodkin Arrow
32:19 Padded Archer Armor
32:31 Wagenburg Tactics
33:31 Chemistry
32:52 Ballistics
32:18 Crossbowman
32:21 Elite Skirmisher
34:08 Bracer
36:08 Leather Archer Armor
36:45 Hand Cart
36:31 Town Patrol
36:49 Hand Cart
36:51 Husbandry
36:12 Light Cavalry
38:02 Ring Archer Armor
40:48 Two-Man Saw
39:51 Halberdier
40:32 Squires
40:17 Arson
40:35 Scale Mail Armor
40:45 Forging
43:05 Chain Mail Armor
43:25 Iron Casting
Connection lost

Rejoining the realm…

Still unreachable

The connection could not be restored.

Session expired

The server has moved on; the page needs a fresh start.